 Dungeon Crawl Stone Soup version 0.31.0-9-g3a7656b989 (webtiles) character file.

Game seed: 8479798947551341264

2945 qw the Skirmisher (level 9, -2/45 HPs)
             Began as a Spriggan Hunter on Feb 2, 2024.
             Was a Believer of Okawaru.
             Succumbed to a kobold brigand's poison
             ... on level 7 of the Dungeon.
             The game lasted 00:00:28 (6424 turns).

qw the Skirmisher (Spriggan Hunter)                 Turns: 6424, Time: 00:00:29

Health: -2/45      AC:  3    Str:  7    XL:     9   Next: 51%
Magic:  13/13      EV: 26    Int: 11    God:    Okawaru [**....]
Gold:   431        SH:  0    Dex: 22    Spells: 8/8 levels left

rFire   . . .        p - +3 arbalest
rCold   + . .        (shield currently unavailable)
rNeg    . . .        n - +1 robe
rPois   .            (helmet restricted)
rElec   .            (no cloak)
rCorr   +            (gloves unavailable)
SInv    +            (boots unavailable)
Will    +....        (no amulet)
Stlth   ++           f - ring of resist corrosion
HPRegen 0.27/turn    e - ring of protection from cold
MPRegen 0.13/turn

%: no passive effects
@: lethally poisoned (-2 -> -16), very quick
A: very small, no large weapons, unfitting armour, see invisible, speed 3
a: Renounce Religion, Heroism


You were on level 7 of the Dungeon.
You worshipped Okawaru.
Okawaru was pleased with you.
You visited 2 branches of the dungeon, and saw 8 of its levels.

You collected 431 gold pieces.


Innate Abilities, Weirdness & Mutations

You are very small and have problems with some larger weapons.
You are too small for most types of armour.
You have supernaturally acute eyesight. (SInv)
You cover ground extremely quickly. (Speed+++)


   Skills:
 + Level 3.6 Fighting
 - Level 10.1 Ranged Weapons
 - Level 10.0 Dodging
 - Level 1.5 Stealth
 - Level 4.2 Invocations


You had 8 spell levels left.
You didn't know any spells.
Your spell library was empty.

Inventory:

Hand Weapons
 p - a +3 arbalest (weapon)
Armour
 c - +0 acid dragon scales
 n - a +1 robe (worn)
Jewellery
 e - a ring of protection from cold (right hand)
 f - a ring of resist corrosion (left hand)
Wands
 h - a wand of acid (2)
 k - a wand of paralysis (5)
 m - a wand of mindburst (12)
 o - a wand of polymorph (7)
Scrolls
 i - 2 scrolls of enchant armour
Potions
 b - a potion of enlightenment
 d - a potion of cancellation
 g - a potion of curing {unknown}
 j - a potion of lignification {unknown}
 l - 2 potions of haste {unknown}

Dungeon Overview and Level Annotations

Branches:
Dungeon (7/15)             Temple (1/1) D:4

Altars:
Ashenzari
Cheibriados
Dithmenos
Fedhas
Gozag
Hepliaklqana
Nemelex Xobeh
Okawaru
Qazlal
Ru
Sif Muna
Trog
Uskayaw
Vehumet
Wu Jian
Yredelemnul
The Shining One


Message History

The kobold brigand throws a poisoned dart.
The poisoned dart closely misses you.
A kobold comes into view. It is wielding a +0 club.
You shoot a bolt. The bolt hits the orc warrior!
The orc warrior is severely wounded.
The orc warrior completely misses you.
A kobold comes into view. It is wielding a +0 club.
You shoot a bolt.
The bolt closely misses the orc warrior.
The bolt closely misses the kobold.
The kobold shouts!
The orc warrior misses you. The orc warrior barely misses you.
You shoot a bolt.
The bolt hits the orc warrior but does no damage.
The orc warrior is severely wounded.
A kobold comes into view. It is wielding a +0 short sword.
The orc warrior closely misses you.
The kobold brigand hits you with a +2 short sword of venom!
You are poisoned.
You shoot a bolt. The bolt barely misses the orc warrior.
The bolt hits the kobold!
You kill the kobold!
You hear a splash. x2
You feel very sick. The orc warrior completely misses you.
The kobold brigand closely misses you. The orc warrior barely misses you.
You shoot a bolt.
The bolt closely misses the orc warrior.
You feel very sick. The orc warrior closely misses you.
The kobold brigand hits you with a +2 short sword of venom.
You are lethally poisoned!
You shoot a bolt. The bolt hits the orc warrior!
You kill the orc warrior!
Okawaru accepts your kill.
You feel extremely sick.
The kobold throws a stone.
The stone misses you. The kobold brigand misses you.
You shoot a bolt. The bolt hits the kobold brigand!
The kobold brigand is heavily wounded.
You die...

#......#..........[.#...........
###'#..).........#.###..##...
#####............#####.###'###...
.................#......#...##...
.<...............#......#....#...
.................#......#....#...
...................##+#########+#
.........####..P....[.....
#####....# #.PK@......... #....+
#7.K)..P...... #....#
#P..K~~........
..#....~~)~.......#
+....~~~7~P.....#
#...~7K~7.......#
#..7.~~7....##+# ##..~~. ..... '


You could see a kobold brigand and 3 kobolds.

Vanquished Creatures
  Maggie (D:7)
  Sigmund (D:6)
  A steam dragon (D:7)
  Duvessa (D:6)
  An ice beast (D:6)
  3 orc warriors
  2 black bears
  3 ogres
  3 phantoms
  A bullfrog (D:6)
  4 scorpions
  Dowan (D:6)
  3 killer bees (D:7)
  An electric eel (D:7)
  2 bombardier beetles
  7 hounds
  2 jellies
  An orc priest (D:3)
  2 iguanas
  2 orc wizards
  Robin (D:4)
  4 gnolls (D:4)
  7 adders
  5 white imps
  2 ribbon worms
  4 dart slugs
  17 orcs
  7 ball pythons
  10 endoplasms
  2 giant cockroaches (D:1)
  16 goblins
  10 hobgoblins
  5 quokkas
  7 bats
  9 frilled lizards
  10 kobolds
  8 rats
166 creatures vanquished.

Notes
Turn   | Place    | Note
-------+----------+-------------------------------------------
     0 | D:1      | qw the Spriggan Hunter began the quest for the Orb.
     0 | D:1      | Reached XP level 1. HP: 10/10 MP: 2/2
     0 | D:1      | 0 ||| qw: Version: 0.3-a-155-g5e7d8dd
     0 | D:1      | 0 ||| qw: Game counter: 1822
     0 | D:1      | 0 ||| qw: Melee chars always use a shield: true
     0 | D:1      | 0 ||| qw: God list: Okawaru
     0 | D:1      | 0 ||| qw: Allow faded altars: false
     0 | D:1      | 0 ||| qw: Do Orc after clearing Dungeon:15 true
     0 | D:1      | 0 ||| qw: Do second Lair branch before Depths: true
     0 | D:1      | 0 ||| qw: Lair rune preference: random
     0 | D:1      | 0 ||| qw: Goals: Normal
     0 | D:1      | 0 ||| PLANNING D:1-11
    26 | D:1      | Reached skill level 3 in Dodging
    87 | D:1      | Reached XP level 2. HP: 14/14 MP: 3/3
   285 | D:1      | Found a faded altar of an unknown god.
   436 | D:1      | Reached XP level 3. HP: 18/18 MP: 4/4
   784 | D:1      | 784 ||| UPGRADING to ring of resist corrosion.
   785 | D:1      | 785 ||| READING scroll labelled OGAEMI ZYLADA.
   785 | D:1      | 785 ||| ENCHANTING +0 shortbow.
   786 | D:1      | 786 ||| READING scroll labelled WYIJOMIMOSE.
   818 | D:1      | 818 ||| READING scroll labelled WOZIELUYTH.
   818 | D:1      | 818 ||| IDENTIFYING golden potion
   819 | D:1      | 819 ||| DRINKING 2 fuming coppery potions.
   820 | D:1      | 820 ||| DROPPING scroll of butterflies.
   821 | D:1      | 821 ||| DROPPING potion of attraction.
   935 | D:2      | Found an ornate altar of the Wu Jian Council.
  1100 | D:2      | Reached XP level 4. HP: 22/22 MP: 5/5
  1717 | D:2      | 1717 ||| READING scroll of identify.
  1717 | D:2      | 1717 ||| IDENTIFYING scroll labelled XOISIW CAOMED
  1718 | D:2      | 1718 ||| READING 2 scrolls labelled FARUUZ ZOMPAQYEF.
  1719 | D:2      | 1719 ||| READING scroll labelled BOKOCS WOYWNIJ.
  1719 | D:2      | 1719 ||| BRANDING +1 shortbow.
  1720 | D:2      | 1720 ||| READING 2 scrolls labelled IHONEZ RINUF.
  1720 | D:2      | 1720 ||| ENCHANTING +1 shortbow of chaos.
  1721 | D:2      | 1721 ||| READING scroll labelled HOUDOG HONI.
  1722 | D:2      | 1722 ||| READING scroll labelled SODGHU OQETRESU.
  1723 | D:2      | 1723 ||| DROPPING scroll of blinking.
  1724 | D:2      | 1724 ||| DROPPING scroll of fog.
  2012 | D:3      | 2012 ||| FLEEEEING.
  2014 | D:3      | 2014 ||| FLEEEEING.
  2015 | D:3      | Reached XP level 5. HP: 20/26 MP: 6/6
  2017 | D:3      | 2017 ||| FLEEEEING.
  2019 | D:3      | 2019 ||| FLEEEEING.
  2020 | D:3      | 2020 ||| FLEEEEING.
  2026 | D:3      | 2026 ||| FLEEEEING.
  2027 | D:3      | 2027 ||| FLEEEEING.
  2029 | D:3      | 2029 ||| FLEEEEING.
  2030 | D:3      | 2030 ||| FLEEEEING.
  2045 | D:3      | HP: 4/26 [orc/+2 dagger of venom (3)]
  2046 | D:3      | 2046 ||| DRINKING potion of heal wounds.
  2052 | D:3      | HP: 6/26 [poisoned by an orc]
  2057 | D:3      | HP: 2/26 [poisoned by an orc]
  2647 | D:3      | 2647 ||| UPGRADING to ring of protection from cold.
  2648 | D:3      | 2648 ||| READING scroll of identify.
  2648 | D:3      | 2648 ||| IDENTIFYING grey potion
  2649 | D:3      | 2649 ||| DRINKING 2 fizzy black potions.
  2650 | D:3      | 2650 ||| DROPPING potion of degeneration.
  2729 | D:4      | Reached skill level 6 in Ranged Weapons
  3007 | D:4      | Noticed Robin
  3018 | D:4      | Reached XP level 6. HP: 22/30 MP: 7/7
  3021 | D:4      | Killed Robin
  3164 | D:4      | Found a shimmering blue altar of Sif Muna.
  3168 | D:4      | Reached skill level 6 in Dodging
  3205 | D:4      | Found a staircase to the Ecumenical Temple.
  3206 | D:4      | 3206 ||| PLANNING TEMPLE
  3206 | D:4      | 3206 ||| READING 2 scrolls labelled WUBBETA AXOATS.
  3207 | D:4      | 3207 ||| DROPPING scroll of amnesia.
  3217 | Temple   | Entered the Ecumenical Temple
  3218 | Temple   | 3218 ||| PLANNING OKAWARU WORSHIP
  3233 | Temple   | Became a worshipper of Warmaster Okawaru
  3234 | Temple   | 3234 ||| PLANNING D:1-11
  3816 | D:4      | Found a sacrificial altar of Ru.
  4619 | D:5      | Entered Level 5 of the Dungeon
  4632 | D:5      | 4632 ||| ZAPPING wand of acid (9) at 2,-3 (black bear;
                  | floor).
  4633 | D:5      | Reached XP level 7. HP: 35/35 MP: 8/8
  4681 | D:5      | 4681 ||| ZAPPING wand of acid (8) at 0,-1 (phantom; floor).
  4682 | D:5      | 4682 ||| ZAPPING wand of acid (7) at 0,-1 (phantom; floor).
  4683 | D:5      | 4683 ||| ZAPPING wand of acid (6) at 0,-1 (phantom; floor).
  4684 | D:5      | 4684 ||| ZAPPING wand of acid (5) at 0,-1 (phantom; floor).
  4685 | D:5      | 4685 ||| ZAPPING wand of acid (4) at 0,-1 (phantom; floor).
  4686 | D:5      | 4686 ||| ZAPPING wand of acid (3) at 0,-1 (phantom; floor).
  4700 | D:5      | 4700 ||| READING 3 scrolls of enchant weapon.
  4700 | D:5      | 4700 ||| ENCHANTING +1 shortbow of chaos.
  4701 | D:5      | 4701 ||| READING 2 scrolls of enchant weapon.
  4701 | D:5      | 4701 ||| ENCHANTING +2 shortbow of chaos.
  4702 | D:5      | 4702 ||| READING scroll of enchant weapon.
  4702 | D:5      | 4702 ||| ENCHANTING +3 shortbow of chaos.
  5143 | D:5      | Reached * piety under Okawaru
  5286 | D:5      | 5286 ||| READING scroll of identify.
  5286 | D:5      | 5286 ||| IDENTIFYING orange potion
  5355 | D:6      | Reached skill level 1 in Invocations
  5358 | D:6      | 5358 ||| INVOKING Heroism.
  5475 | D:6      | Reached XP level 8. HP: 39/39 MP: 10/10
  5613 | D:6      | Noticed Sigmund
  5614 | D:6      | 5614 ||| INVOKING Heroism.
  5619 | D:6      | Killed Sigmund
  5620 | D:6      | Reached skill level 3 in Fighting
  5631 | D:6      | Reached skill level 3 in Invocations
  5678 | D:6      | Found a broken altar of Ashenzari.
  5811 | D:6      | Reached ** piety under Okawaru
  5873 | D:6      | 5873 ||| INVOKING Heroism.
  5909 | D:6      | Noticed Duvessa
  5909 | D:6      | Noticed Dowan
  5916 | D:6      | Killed Duvessa
  5917 | D:6      | Reached skill level 9 in Ranged Weapons
  5917 | D:6      | 5917 ||| INVOKING Heroism.
  5922 | D:6      | Killed Dowan
  6034 | D:6      | 6034 ||| UPGRADING to +1 robe.
  6044 | D:6      | 6044 ||| DROPPING +0 robe.
  6045 | D:6      | 6045 ||| READING 2 scrolls labelled ZOCOLYREUQ.
  6046 | D:6      | 6046 ||| DROPPING scroll of fear.
  6083 | D:7      | Noticed Maggie
  6084 | D:7      | 6084 ||| INVOKING Heroism.
  6094 | D:7      | Killed Maggie
  6095 | D:7      | Reached skill level 9 in Dodging
  6095 | D:7      | Reached XP level 9. HP: 44/44 MP: 11/13
  6149 | D:7      | 6149 ||| RETREEEEATING.
  6151 | D:7      | 6151 ||| RETREEEEATING.
  6155 | D:7      | 6155 ||| RETREEEEATING.
  6159 | D:7      | 6159 ||| RETREEEEATING.
  6162 | D:7      | 6162 ||| RETREEEEATING.
  6164 | D:7      | 6164 ||| RETREEEEATING.
  6253 | D:7      | 6253 ||| SWAPPING to +3 arbalest.
  6254 | D:7      | 6254 ||| DROPPING +4 shortbow of chaos.
  6422 | D:7      | HP: 9/44 [kobold brigand/+2 short sword of venom (6)]
  6423 | D:7      | HP: 3/44 [poisoned by a kobold brigand]
  6424 | D:7      | Succumbed to a kobold brigand's poison

Levels and vault maps discovered:
D:1:      dpeg_arrival_pits, layout_loops_ring,
          hellmonk_ecumenical_altar_leap_of_faith, serial_bayou_ford_a,
          minmay_close_crescents
D:2:      layout_loops_corners, basic_altar, kennysheep_another_room
D:3:      layout_basic, hangedman_decor_points, ebering_dispersal_statue_hall,
          minmay_misc_feat_hallway, minmay_fractal_squares_gapless_5
D:4:      layout_basic, hellmonk_sif_muna_bookshelves,
          nicolae_ru_the_path_less_chosen, minmay_temple_entry_mini_moons,
          kennysheep_opposing_triangles, uniq_robin
D:5:      layout_gridville
D:6:      layout_basic, kennysheep_mini_moat, serial_rivers,
          chequers_serial_rivers_marsh, chequers_serial_rivers_micro_c,
          chequers_serial_rivers_small_b, chequers_serial_rivers_large_b,
          chequers_serial_rivers_large_a, uniq_sigmund, uniq_duvessa
D:7:      layout_gridville, serial_bayou, serial_bayou_pond_a,
          serial_bayou_pond_a, serial_bayou_shore_a, serial_bayou_lagoon_a,
          serial_bayou_pond_b, uniq_maggie
Temple:   eino_temple_water

Skill      XL: |  1  2  3  4  5  6  7  8  9 |
---------------+----------------------------+-----
Dodging        | 3 4 5 6 7 9 10 | 10.0
Ranged Weapons | 5 6 7 8 9 10 | 10.1
Fighting       | 2 3 |  3.6
Invocations    | 1 4 |  4.2
Stealth        | |  1.5

Action                     |  1- 3 |  4- 6 |  7- 9 || total
---------------------------+-------+-------+-------++-------
   Fire: Shortbow          |   107 |   167 |   175 ||   449
         Arbalest          |       |       |    31 ||    31
 Invoke: Heroism           |       |       |     5 ||     5
  Evoke: Wand              |       |     1 |     6 ||     7
    Use: Scroll            |     3 |     8 |     5 ||    16
         Potion            |     1 |     2 |       ||     3
 Armour: Robe              |     7 |    17 |    12 ||    36
  Dodge: Dodged            |    19 |    53 |    71 ||   143

Table legend:
 A = Non-vault XP
 B = Vault XP
 C = Vault XP percentage of total XP
 D = Non-vault monster count
 E = Vault monster count
 F = Vault count percentage of total count
                 A         B        C        D         E       F
            +---------+---------+-------+---------+---------+-------
      Total |    3244 |     964 |  22.9 |     135 |      31 |  18.7
            +---------+---------+-------+---------+---------+-------
        D:1 |      50 |       9 |  15.3 |      31 |       6 |  16.2
        D:2 |      85 |       0 |   0.0 |      17 |       0 |   0.0
        D:3 |     117 |       7 |   5.6 |      19 |       5 |  20.8
        D:4 |     279 |     128 |  31.4 |      16 |      16 |  50.0
        D:5 |     646 |       0 |   0.0 |      17 |       0 |   0.0
        D:6 |     989 |     435 |  30.5 |      18 |       3 |  14.3
        D:7 |    1078 |     385 |  26.3 |      17 |       1 |   5.6
            +---------+---------+-------+---------+---------+-------
